 Dungeon Crawl Stone Soup version 0.21.0-24-g2553a3340b (webtiles) character file.

42 Krosko the Magician (level 3, 0/19 HPs)
             Began as a Deep Elf Wizard on Jan 21, 2018.
             Killed from afar by Sigmund (8 damage)
             ... with a magic dart
             ... on level 2 of the Dungeon.
             The game lasted 00:12:11 (2071 turns).

Krosko the Magician (Deep Elf Wizard)               Turns: 2071, Time: 00:12:11

Health: 0/19       AC:  2    Str:  4    XL:     3   Next: 35%
Magic:  12/12      EV: 13    Int: 23    God:
Gold:   118        SH:  0    Dex: 13    Spells: 0/13 levels left

rFire    x . .     SeeInvis .   j - +1 short sword
rCold    + . .     Gourm    .   (no shield)
rNeg     . . .     Faith    .   m - +0 robe
rPois    .         Spirit   .   b - +0 hat
rElec    .         Reflect  .   (no cloak)
rCorr    .         Harm     .   (no gloves)
MR       .....                  (no boots)
Stlth    +.........             (no amulet)
HPRegen  0.06/turn              l - ring of ice
MPRegen  0.13/turn              (no ring)

@: confused
A: no striking features
a: no special abilities


You were on level 2 of the Dungeon.
You were not hungry.

You visited 1 branch of the dungeon, and saw 2 of its levels.

You collected 118 gold pieces.

Inventory:

Hand Weapons
 j - a +1 short sword (weapon)
Armour
 b - a +0 hat (worn)
 m - a +0 robe (worn)
Jewellery
 l - a ring of ice (left hand)
Scrolls
 f - a scroll of fear {unknown}
 g - a scroll of enchant armour {unknown}
 h - 2 scrolls of remove curse
 i - a scroll of magic mapping {unknown}
 k - 2 scrolls of identify {unknown}
Potions
 a - a potion of berserk rage {unknown}
 e - a potion of agility {unknown}
 n - a potion of brilliance {unknown}
 o - a potion of invisibility {unknown}
 p - a potion of lignification {unknown}
Books
 c - a book of Minor Magic

   Spells                             Type                      Level
   a - Magic Dart                     Conjuration                  1
   b - Blink                          Translocation                2
   c - Call Imp                       Summoning                    2
   d - Slow                           Hexes                        2
   e - Conjure Flame                  Conjuration/Fire             3
   f - Mephitic Cloud                 Conjuration/Poison/Air       3
Comestibles
 d - 5 rations


   Skills:
 + Level 2.8 Dodging
 - Level 2.6 Stealth
 + Level 5.5 Spellcasting
 * Level 1.7 Conjurations
 + Level 1.2 Summonings
 + Level 1.1 Translocations


You couldn't memorise any spells.
You knew the following spells:

 Your Spells              Type           Power        Failure   Level  Hunger
a - Magic Dart            Conj           ##..         4%          1    None
b - Blink                 Tloc           N/A          9%          2    None
c - Call Imp              Summ           ##......     9%          2    None
d - Slow                  Hex            #.......     14%         2    None
e - Conjure Flame         Conj/Fire      ##......     19%         3    ##.....
f - Mephitic Cloud        Conj/Pois/Air  #.......     22%         3    ##.....


Dungeon Overview and Level Annotations

Branches:
Dungeon (2/15)

Altars:

Annotations:
D:2 Sigmund


Message History

You resist with some effort.
You feel less confused. Sigmund casts a spell at you.
You resist with some effort.
Sigmund points at you and mumbles some strange words.
The magic dart hits you!
You see here 15 stones.
Sigmund points at you and mumbles some strange words.
You are confused.
You're too confused to move!
Sigmund gestures at you while chanting. The magic dart hits you!
You bump into the rock wall.
Sigmund points at you and mumbles some strange words.
You are more confused.
Sigmund points at you and mumbles some strange words.
The puff of flame misses you.
Sigmund points at you and mumbles some strange words.
The magic dart hits you!
You die... #...............# ♣♣ #. #########.##.##.# ♣♣. #. ########.......# ♣♣.♣♣ #. #.....#####.#### ♣♣P..♣ #####. ##.....##.......# ♣PPPP♣

#..... .........[......## #....#
#.####
.......##.#.###..####....###.##..
.......##...# #.........>.....>.#
....##.##.#.###.@............#..#
....##.##.#.@...####...#####.....
######..........# #...# ###..#
#########.##########...### #....
@.....# #.# #.........# #<...
#####.###.# #.#.#...#.# #....
.#....@.@.# #.#.##..#.## #.##.
...##.##### ##.#........# #.##.
#####.# #......#....###.##.


You could see Sigmund.

Vanquished Creatures
  3 giant cockroaches (D:1)
  3 goblins
  8 hobgoblins
  2 jackals (D:2)
  7 kobolds
  4 bats
  2 rats (D:1)
29 creatures vanquished.

Vanquished Creatures (collateral kills)
  An adder (D:2)
1 creature vanquished.

Grand Total: 30 creatures vanquished

Notes
Turn   | Place    | Note
-------+----------+-------------------------------------------
     0 | D:1      | Krosko the Deep Elf Wizard began the quest for the Orb.
     0 | D:1      | Reached XP level 1. HP: 10/10 MP: 7/7
   541 | D:1      | Reached XP level 2. HP: 15/15 MP: 6/9
   846 | D:1      | Reached skill level 5 in Spellcasting
  1282 | D:2      | Learned a level 2 spell: Blink
  1285 | D:2      | Learned a level 2 spell: Call Imp
  1288 | D:2      | Learned a level 2 spell: Slow
  1408 | D:2      | Reached XP level 3. HP: 19/19 MP: 6/11
  1967 | D:2      | Noticed Sigmund
  1981 | D:2      | Learned a level 3 spell: Conjure Flame
  1985 | D:2      | Learned a level 3 spell: Mephitic Cloud
  2071 | D:2      | Killed from afar by Sigmund

Skill      XL: |  1  2 |
---------------+-------+-----
Spellcasting   | 5 |  5.5
Dodging        | |  2.8
Stealth        | |  2.6
Conjurations   | |  1.7
Summonings     | |  1.2
Translocations | |  1.1

Action                   || total
-------------------------++-------
Melee: Unarmed           ||     6
       Short sword       ||    11
 Cast: Magic Dart        ||    73
       Call Imp          ||     2
       Blink             ||     1
       Slow              ||     3
  Use: Scroll            ||     2
  Eat: Chunk             ||     3
Armor: Robe              ||     8
Dodge: Dodged            ||    36
